 Dungeon Crawl Stone Soup version 0.27.0-1-g7a089689b8 (webtiles) character file.

Game seed: 13457492844343184143

227 Crownlay the Bolt Thrower (level 5, -1/35 (42) HPs)
             Began as a Minotaur Hunter on Aug 12, 2021.
             Slain by a gnoll (2 damage)
             ... on level 3 of the Dungeon.
             The game lasted 00:04:47 (2949 turns).

Crownlay the Bolt Thrower (Minotaur Hunter)         Turns: 2949, Time: 00:04:47

HP:   -1/35 (42)    AC:  4    Str: 16    XL:     5   Next: 70%
MP:   4/4           EV: 12    Int:  8    God:
Gold: 84            SH:  0    Dex: 12    Spells: 4/4 levels left

rFire    . . .     SeeInvis .   n - +0 war axe (venom)
rCold    . . .     Faith    .   (no shield)
rNeg     . . .     Spirit   .   c - +0 leather armour
rPois    .         Reflect  .   (helmet restricted)
rElec    .         Harm     .   (no cloak)
rCorr    .         Rampage  .   k - +0 pair of gloves
Will     .....                  (no boots)
Stlth    +.........             (no amulet)
HPRegen  0.11/turn              (no ring)
MPRegen  0.09/turn              (no ring)

@: heavily drained
A: horns 2, retaliatory headbutt
a: no special abilities


You were on level 3 of the Dungeon.
You visited 1 branch of the dungeon, and saw 3 of its levels.

You collected 84 gold pieces.

Inventory:

Hand Weapons
 a - a +1 hand crossbow
 b - a +0 short sword
 n - a +0 war axe of venom (weapon)
Missiles
 d - a bolt
Armour
 c - a +0 leather armour (worn)
 k - a +0 pair of gloves (worn)
Scrolls
 f - a scroll of teleportation {unknown}
 g - a scroll of silence {unknown}
 j - a scroll of identify {unknown}
 o - a scroll of fog {unknown}
Potions
 e - 2 potions of magic {unknown}
 h - a potion of haste {unknown}
 i - 2 potions of curing {unknown}
 l - a potion of degeneration {unknown}
 m - a potion of heal wounds {unknown}


   Skills:
 - Level 2.4 Fighting
 + Level 7.7 Crossbows
 - Level 2.1 Dodging
 - Level 0.7 Stealth


You had 4 spell levels left.
You didn't know any spells.
Your spell library contained the following spells:

 Spells                   Type           Power      Damage    Failure   Level
 Magic Dart               Conj           0%         1d3       47%         1
 Call Imp                 Summ           0%         N/A       63%         2
 Mephitic Cloud           Conj/Pois/Air  0%         N/A       85%         3


Dungeon Overview and Level Annotations

Branches:
Dungeon (3/15)

Altars:

Annotations:
D:2 1 runed translucent door, exclusion: door, Crazy Yiuf


Innate Abilities, Weirdness & Mutations

You have a pair of horns on your head.
You reflexively headbutt those who attack you in melee.


Message History

Things that are here:
a bolt; a +0 flail You closely miss the gnoll.
You headbutt the gnoll.
The gnoll is almost dead.
The gnoll hits you with a +0 halberd. The gnoll barely misses you.
You hit the gnoll.
You kill the gnoll!
The gnoll barely misses you. You furiously retaliate!
You headbutt the gnoll. You hit the gnoll.
The gnoll is poisoned.
The gnoll is severely wounded.
The gnoll closely misses you. You furiously retaliate!
You headbutt the gnoll.
You kill the gnoll!
The gnoll hits you with a +0 whip of draining.
You feel drained.
Things that are here:
a +2 flail of venom; a +0 halberd; a gnoll corpse You barely miss the gnoll.
The gnoll hits you with a +0 whip of draining.
You feel drained.
* * * LOW HITPOINT WARNING * * *
The gnoll barely misses you.
You closely miss the gnoll.
The gnoll hits you with a +0 whip of draining.
* * * LOW HITPOINT WARNING * * *
You feel drained.
You closely miss the gnoll.
The gnoll hits you with a +0 whip of draining.
* * * LOW HITPOINT WARNING * * *
You feel drained. The gnoll closely misses you.
You hit the gnoll.
The gnoll is poisoned.
You headbutt the gnoll.
The gnoll is moderately wounded.
The gnoll hits you with a +0 whip of draining.
* * * LOW HITPOINT WARNING * * *
You feel drained.
* * * LOW HITPOINT WARNING * * *
You closely miss the gnoll.
The gnoll is moderately wounded.
The gnoll closely misses you.
The gnoll hits you with a +0 whip of draining.
You die...

#..# #..# #.... #..# #....
#..#### #.... #.....# #....
############.....############....
.................................
g..#.....################.#.#....
(((.)......((((g@(.........>....#
##g#....g####################...#
#.#.....# #...# ..#.....# #...#
(###.....# ##... . #.....# #...
####### ##.. #.. ##.


You could see a gnoll (poisoned).

Vanquished Creatures
  Ijyb (D:3)
  Terence (D:2)
  2 orc wizards (D:3)
  3 gnolls (D:3)
  4 adders
  5 dart slugs
  4 orcs (D:3)
  2 bats
  4 endoplasms
  3 giant cockroaches
  5 hobgoblins
  6 kobolds
  A quokka (D:3)
  2 ball pythons
  3 frilled lizards
  A goblin (D:1)
  6 rats
53 creatures vanquished.

Notes
Turn   | Place    | Note
-------+----------+-------------------------------------------
     0 | D:1      | Crownlay the Minotaur Hunter began the quest for the Orb.
     0 | D:1      | Reached XP level 1. HP: 18/18 MP: 0/0
   360 | D:1      | Reached XP level 2. HP: 25/25 MP: 1/1
   391 | D:1      | Reached skill level 5 in Crossbows
   964 | D:2      | Reached XP level 3. HP: 21/30 MP: 2/2
  1273 | D:2      | Found a faded altar of an unknown god.
  1338 | D:2      | Noticed Terence
  1390 | D:2      | Killed Terence
  1391 | D:2      | Reached skill level 6 in Crossbows
  1391 | D:2      | Reached XP level 4. HP: 16/37 MP: 3/3
  1672 | D:2      | Found a runed translucent door.
  1673 | D:2      | Noticed Crazy Yiuf
  2543 | D:3      | Reached skill level 7 in Crossbows
  2543 | D:3      | Reached XP level 5. HP: 4/42 MP: 4/4
  2905 | D:3      | Noticed Ijyb
  2913 | D:3      | Killed Ijyb
  2948 | D:3      | HP: 1/35 [gnoll (1)]
  2949 | D:3      | Slain by a gnoll

Illustrated notes

Levels and vault maps discovered:
D:1:      eino_arrival_water_star, layout_basic, minmay_misc_feat_iff
D:2:      layout_loops_corners, ebering_ecumenical_altar_box, uniq_terence,
          uniq_crazy_yiuf_cottage
D:3:      layout_basic, hangedman_decor_push, kennysheep_generic_room_16,
          uniq_ijyb, uniq_robin, uniq_natasha

Skill      XL: |  1  2  3  4 |
---------------+-------------+-----
Crossbows      | 5 6 7 |  7.7
Fighting       | |  2.4
Dodging        | |  2.1
Stealth        | |  0.7

Action                   |  1- 3 |  4- 6 || total
-------------------------+-------+-------++-------
Melee: Short sword       |    64 |    47 ||   111
       Headbutt          |    12 |     7 ||    19
       Unarmed           |     1 |       ||     1
       War axe           |       |     8 ||     8
 Fire: Hand crossbow     |    10 |    28 ||    38
 Stab: Sleeping          |     1 |       ||     1
Armor: Leather armour    |    15 |    17 ||    32
Dodge: Dodged            |    43 |    29 ||    72
